 Dungeon Crawl Stone Soup version 0.26-a0-21-gf97e55dc39 (webtiles) character file.

Game seed: 10379343964696368055, levelgen mode: deterministic

105 vurker the Conjurer (level 4, 0/36 HPs)
             Began as a Draconian Conjurer on May 26, 2020.
             Slain by Natasha (3 damage)
             ... on level 3 of the Dungeon.
             The game lasted 00:03:59 (2674 turns).

vurker the Conjurer (Draconian Conjurer)            Turns: 2674, Time: 00:04:00

Health: 0/36       AC:  6    Str: 10    XL:     4   Next: 54%
Magic:  7/8        EV: 12    Int: 17    God:
Gold:   101        SH:  0    Dex: 11    Spells: 8/9 levels left

rFire    . . .     SeeInvis .   k - +0 dagger
rCold    . . .     Gourm    .   (no shield)
rNeg     . . .     Faith    .   (armour unavailable)
rPois    .         Spirit   .   (helmet restricted)
rElec    .         Reflect  .   j - +0 cloak
rCorr    .         Harm     .   (no gloves)
MR       .....                  (no boots)
Stlth    +.........             a - amulet of magic regeneration
HPRegen  0.12/turn              l - ring of attention (curse)
MPRegen  0.36/turn              (no ring)

@: slowed, very slow
A: unfitting armour, cold-blooded, AC +5
a: no special abilities


You were on level 3 of the Dungeon.
You were not hungry.

You visited 1 branch of the dungeon, and saw 3 of its levels.

You collected 101 gold pieces.

Inventory:

Hand Weapons
 k - a +0 dagger (weapon)
   (You took it off a goblin on level 2 of the Dungeon)
Armour
 j - a +0 cloak (worn)
   (You found it on level 2 of the Dungeon)
Jewellery
 a - an amulet of magic regeneration (around neck)
   (You found it on level 1 of the Dungeon)
 l - a cursed ring of attention (left hand)
   (You found it on level 2 of the Dungeon)
Scrolls
 b - 2 scrolls of identify
Potions
 c - 2 potions of curing
 f - a potion of ambrosia
 i - a potion of invisibility
Comestibles
 d - a chunk of flesh
 e - 5 rations


   Skills:
 + Level 1.7 Fighting
 - Level 1.7 Dodging
 - Level 1.7 Stealth
 * Level 3.2 Spellcasting
 * Level 4.9 Conjurations


You had 8 spell levels left.
You knew the following spells:

 Your Spells              Type           Power        Failure   Level  Hunger
a - Magic Dart            Conj           ###.         2%          1    None

Your spell library contained the following spells:

 Spells                   Type           Power        Failure   Level  Hunger
 Searing Ray              Conj           ###...       3%          2    ##.....
 Dazzling Flash           Conj/Hex       ##....       19%         3    ###....
 Fulminant Prism          Conj/Hex       ##........   52%         4    ####...
 Iskenderun's Mystic Bla  Conj/Tloc      ##......     52%         4    ####...


Dungeon Overview and Level Annotations

Branches:
Dungeon (3/15)

Altars:
Fedhas

Annotations:
D:3 Natasha


Innate Abilities, Weirdness & Mutations

Your plain brown scales are hard. (AC +5)
You cannot fit into any form of body armour.
You are cold-blooded and may be slowed by cold attacks.


Message History

Natasha mumbles some strange words.
Aim: Natasha (heavily wounded)
The magic dart hits the crimson imp.
The crimson imp misses you.
The crimson imp blinks!
Natasha howls an incantation.
You feel disoriented.
The crimson imp blinks!
Aim: Natasha (heavily wounded)
The magic dart hits Natasha but does no damage.
Natasha casts a spell.
Aim: Natasha (heavily wounded)
The magic dart hits the crimson imp.
The crimson imp hits you.
The crimson imp blinks! x2
Natasha casts a spell.
The crimson imp closely misses you.
The crimson imp blinks!
The crimson imp blinks!
The crimson imp blinks!
Natasha stares at you and mumbles some strange words.
You feel yourself slow down.
The crimson imp disappears in a puff of smoke!
Natasha casts a spell at you. The magic dart hits you.
Aim: Natasha (lightly wounded)
The magic dart hits Natasha.
Aim: Natasha (moderately wounded)
The magic dart hits Natasha but does no damage.
Natasha stares at you and mumbles some strange words.
The magic dart hits you. Natasha casts a spell at you.
You resist with some effort. Natasha claws you.
The crimson imp blinks!
You hit Natasha but do no damage. Natasha casts a spell at you.
The magic dart hits you.
* * * LOW HITPOINT WARNING * * *
Natasha claws you.
* * * LOW HITPOINT WARNING * * *
Aim: Natasha (moderately wounded)
The magic dart hits Natasha but does no damage.
Natasha barely misses you.
Aim: Natasha (moderately wounded)
The magic dart hits Natasha.
The crimson imp disappears in a puff of smoke!
Natasha stares at you and mumbles some strange words.
The magic dart hits you!
* * * LOW HITPOINT WARNING * * *
The crimson imp laughs crazily.
Natasha claws you.
You die...

#.# #.#########
#..5hh...h#
#########h# #5# #.#
#.#
#.####################
#.5hh@................
######################


You could see a hound, Natasha and a crimson imp (summoned).

Vanquished Creatures
  4 adders
  3 worms (D:2)
  2 dart slugs (D:2)
  3 giant cockroaches
  8 goblins
  6 hobgoblins
  4 jackals
  9 bats
  4 frilled lizards
  8 kobolds
  8 rats
59 creatures vanquished.

Notes
Turn   | Place    | Note
-------+----------+-------------------------------------------
     0 | D:1      | vurker the Draconian Conjurer began the quest for the Orb.
     0 | D:1      | Reached XP level 1. HP: 14/14 MP: 3/3
   536 | D:1      | Reached XP level 2. HP: 22/22 MP: 1/5
  1150 | D:2      | Reached skill level 1 in Fighting
  1202 | D:2      | Reached XP level 3. HP: 28/28 MP: 2/6
  1817 | D:2      | Reached XP level 4. HP: 33/35 MP: 4/8
  2544 | D:3      | Found a blossoming altar of Fedhas.
  2637 | D:3      | Noticed Natasha
  2674 | D:3      | Slain by Natasha

Illustrated notes

Levels and vault maps discovered:
D:1:      ncdulo_watergridlock, layout_loops_corners
D:2:      minmay_skewed_foursquare, layout_basic, first_ration
D:3:      layout_basic, lemuel_round_altar, lemuel_round_altar,
          makhleb_heckhound_becter, uniq_natasha

Skill      XL: |  1  2  3 |
---------------+----------+-----
Fighting       | 1 |  1.7
Spellcasting   | 3 |  3.2
Dodging        | |  1.7
Stealth        | |  1.7
Conjurations   | |  4.9

Action                   |  1- 3 |  4- 6 || total
-------------------------+-------+-------++-------
Melee: Unarmed           |    12 |       ||    12
       Tailslap          |     1 |       ||     1
       Dagger            |       |     1 ||     1
 Cast: Magic Dart        |    94 |    54 ||   148
  Use: Scroll            |       |     6 ||     6
 Stab: Sleeping          |     1 |       ||     1
  Eat: Chunk             |     4 |     2 ||     6
Armor: Skin              |     2 |     3 ||     5
Dodge: Dodged            |    15 |     9 ||    24

Table legend:
 A = Non-vault XP
 B = Vault XP
 C = Vault XP percentage of total XP
 D = Non-vault monster count
 E = Vault monster count
 F = Vault count percentage of total count
                 A         B        C        D         E       F
            +---------+---------+-------+---------+---------+-------
      Total |     134 |      17 |  11.3 |      53 |       6 |  10.2
            +---------+---------+-------+---------+---------+-------
        D:1 |      30 |       0 |   0.0 |      21 |       0 |   0.0
        D:2 |      90 |      17 |  15.9 |      30 |       6 |  16.7
        D:3 |      14 |       0 |   0.0 |       2 |       0 |   0.0
            +---------+---------+-------+---------+---------+-------
